 Dungeon Crawl Stone Soup version 0.31-a0-868-g674d60d6f7 (webtiles) character file.

Game seed: 9121796705503130860

287 LeprechaunX the Changeling (level 6, -4/41 HPs)
             Began as an Octopode Shapeshifter on Oct 11, 2023.
             Slain by a gnoll
             ... wielding a +0 spear
              (7 damage)
             ... on level 4 of the Dungeon.
             The game lasted 00:03:10 (3303 turns).

LeprechaunX the Changeling (Octopode Shapeshifter)  Turns: 3303, Time: 00:03:10

Health: -4/41      AC:  1    Str: 15    XL:     6   Next: 30%
Magic:  0/6        EV: 13    Int: 12    God:
Gold:   230        SH:  0    Dex: 12    Spells: 5/5 levels left

rFire   . .          .
                       - Unarmed
rCold   . . .        (no shield)
rNeg    . . .        (helmet currently unavailable)
rPois   .            v - amulet of guardian spirit
rElec   .            (no ring)
rCorr   .            (no ring)
SInv    .            (no ring)
Will    .....        (no ring)
Stlth   ++           (no ring)
HPRegen 0.26/turn    (no ring)
MPRegen 0.10/turn    (no ring)
                     (no ring)

%: guardian spirit
@: beast-form
A: beast (slay +2), almost no armour, amphibious, 8 rings, camouflage 1,
gelatinous body 1, (nimble swimmer 1), tentacles
a: Begin Untransformation


You were on level 4 of the Dungeon.
You were a hulking beast.
You visited 1 branch of the dungeon, and saw 4 of its levels.

You collected 230 gold pieces.

Inventory:

Hand Weapons
 a - a +0 sling
Missiles
 w - 3 curare-tipped darts
Jewellery
 v - an amulet of guardian spirit (around mantle)
Talismans
 b - a beast talisman (active)
 c - a flux talisman
Scrolls
 d - 2 scrolls of enchant armour {unknown}
 g - 4 scrolls of identify {unknown}
 i - a scroll of fog {unknown}
 j - a scroll of enchant weapon {unknown}
 k - a scroll of poison {unknown}
 l - a scroll of immolation {unknown}
 n - a scroll of butterflies {unknown}
 r - a scroll of revelation {unknown}
 t - 3 scrolls of amnesia {unknown}
Potions
 e - 2 potions of degeneration {unknown}
 f - a potion of might {unknown}
 h - a potion of curing {unknown}
 m - 2 potions of berserk rage {unknown}
 o - a potion of lignification
 p - a potion of attraction {unknown}
 q - a potion of heal wounds {unknown}
 s - a potion of ambrosia {unknown}
 u - a potion of enlightenment {unknown}
 x - a potion of brilliance {unknown}


   Skills:
 + Level 2.6 Fighting
 + Level 3.2 Dodging
 + Level 4.0 Unarmed Combat
 + Level 1.0 Evocations
 * Level 4.6 Shapeshifting


You had 5 spell levels left.
You didn't know any spells.
Your spell library was empty.

Dungeon Overview and Level Annotations

Branches:
Dungeon (4/15)             Temple (0/1) D:4

Altars:

Annotations:
D:3 3 runed translucent doors, kd29's ghost, amateur GrEE


Innate Abilities, Weirdness & Mutations

You are a hulking beast.
Your limbs bulge with bestial killing power. (Slay +2)
You cannot wear most types of armour.
You are amphibious.
You can wear up to eight rings at the same time.
Your skin changes colour to match your surroundings (Stealth+).
Your rubbery body absorbs attacks. (AC +1, EV +1)
((You are camouflaged when in or above water. (Stealth+)))
You have tentacles for arms and can constrict up to eight enemies at once.


Message History

The gnoll attacks as it pursues you! The gnoll misses you.
The gnoll attacks as it pursues you!
The gnoll hits you from afar with a +0 spear.
The gnoll shouts!
A centaur comes into view.
The gnoll attacks as it pursues you!
The gnoll hits you from afar with a +0 spear!
The gnoll attacks as it pursues you!
The gnoll hits you from afar with a +0 spear.
The gnoll attacks as it pursues you! The gnoll barely misses you.
The gnoll attacks as it pursues you!
The gnoll hits you from afar with a +0 spear!
The gnoll attacks as it pursues you! The gnoll closely misses you.
The gnoll attacks as it pursues you! The gnoll closely misses you.
The gnoll misses you. The gnoll barely misses you. x2
You tentacle-slap the gnoll. Your grab misses the gnoll.
The gnoll is lightly wounded.
The gnoll closely misses you.
The gnoll hits you from afar with a +0 spear.
You tentacle-slap the gnoll. You grab the gnoll. You squeeze the gnoll.
You kill the gnoll!
The gnoll hits you from afar with a +0 spear!
* * * LOW HITPOINT WARNING * * *
Your Unarmed Combat skill increases to level 4!
Unknown command.
The gnoll attacks as it pursues you! The gnoll barely misses you.
The gnoll misses you.
You tentacle-slap the gnoll but do no damage.
You grab the gnoll. You constrict the gnoll. The gnoll hits you with a +0 club.
* * * LOW HITPOINT WARNING * * *
The gnoll hits you from afar with a +0 halberd!
* * * LOW HITPOINT WARNING * * *
Unknown command.
Unknown command.
You tentacle-slap the gnoll.
The gnoll is moderately wounded.
You constrict the gnoll, but do no damage.
The gnoll hits you with a +0 spear!
You die...

###...##.........###.#.#.###.#.##
##.###....)...#.....###.##.....
#.# ##...####.###.#.#|###.###.
#.# ##.## #.# #.##.## #.# #.
####.# #.# #.###.#######.# #g
.....# #.# #..##)........# #.
###### #.######.######.##### #g
#......g.# #(# ####g
#######h.#### #.# #..o. #g.#..
.......#.. #g)#.# #####.....
#..#.## ###...#.#. ##
#.....###...###.#. .#
#....#.....###...## .####
#.......g#........# ....#
#...###....##..>..# ###.#
#...###.##g.#......


You could see 3 gnolls.

Vanquished Creatures
  A scorpion (D:4)
  An orc priest (D:4)
  A sleepcap (D:4)
  3 iguanas
  A gnoll (D:4)
  3 adders
  An ufetubus (D:4)
  A worm (D:2)
  2 dart slugs
  2 orcs (D:4)
  7 ball pythons
  5 bats
  3 endoplasms
  2 giant cockroaches
  7 hobgoblins
  3 jackals (D:1)
  A kobold (D:2)
  A quokka (D:2)
  4 frilled lizards
  2 goblins
  2 rats
53 creatures vanquished.

Notes
Turn   | Place    | Note
-------+----------+-------------------------------------------
     0 | D:1      | LeprechaunX the Octopode Shapeshifter began the quest for
                  | the Orb.
     0 | D:1      | Reached XP level 1. HP: 13/13 MP: 1/1
   133 | D:1      | Reached XP level 2. HP: 18/18 MP: 2/2
   201 | D:1      | You fall into a shaft and drop 1 floor!
  1086 | D:2      | Reached XP level 3. HP: 10/23 MP: 3/3
  1791 | D:3      | Reached XP level 4. HP: 9/29 MP: 4/4
  2056 | D:3      | Found a faded altar of an unknown god.
  2352 | D:3      | Found a runed translucent gate.
  2353 | D:3      | Found a runed translucent gate.
  2353 | D:3      | Found a runed translucent gate.
  2355 | D:3      | Noticed kd29's ghost (amateur GrEE)
  2751 | D:4      | Reached XP level 5. HP: 21/34 MP: 5/5
  2978 | D:4      | Found a staircase to the Ecumenical Temple.
  3123 | D:4      | Reached XP level 6. HP: 29/41 MP: 3/6
  3263 | D:4      | Reached skill level 1 in Evocations
  3303 | D:4      | Slain by a gnoll

Illustrated notes

Levels and vault maps discovered:
D:1:      dpeg_arrival_round_c, layout_basic
D:2:      layout_basic, grunt_ministairs_1, dk_noncrumbling_2,
          kennysheep_small_spiral
D:3:      layout_loops_ring, gammafunk_ghost_necromancy,
          hellmonk_ecumenical_altar_inner_sanctum
D:4:      layout_loops_ring, minmay_temple_entry_slanted, chequers_garden

Skill      XL: |  1  2  3  4  5  6 |
---------------+-------------------+-----
Fighting       | 2 |  2.6
Shapeshifting  | 4 |  4.6
Dodging        | 3 |  3.2
Evocations     | 1 |  1.0
Unarmed Combat | 4 |  4.0

Action                     |  1- 3 |  4- 6 || total
---------------------------+-------+-------++-------
  Melee: Unarmed           |    64 |    49 ||   113
         Constrict         |    15 |    15 ||    30
         Tentacles         |    10 |    12 ||    22
         Punch             |     2 |     2 ||     4
   Stab: Sleeping          |     6 |     4 ||    10
 Armour: Skin              |    19 |    28 ||    47
  Dodge: Dodged            |    43 |    32 ||    75

Table legend: (Time is in decaauts)
 A = Elapsed time spent in this place.
 B = Non-inter-level travel time spent in this place.
 C = Inter-level travel time spent in this place.
 D = Time resting spent in this place.
 E = Time spent auto-exploring this place.
 F = Levels seen in this place.
 G = Mean time per level.
                   A        B        C        D        E       F      G
               +--------+--------+--------+--------+--------+-----+--------+
         Total |   3295 |   3083 |    212 |     26 |   2656 |   4 |  823.8 |
       Dungeon |   3295 |   3083 |    212 |     26 |   2656 |   4 |  823.8 |
               +--------+--------+--------+--------+--------+-----+--------+

Top non-repeatable levels by time:
     D:3: 976 daAuts
     D:2: 918 daAuts
     D:1: 854 daAuts
     D:4: 544 daAuts
